 Dungeon Crawl Stone Soup version 0.21-a0-529-g8c7b3f5 (webtiles) character file.

233 slep the Chopper (level 5, -4/39 HPs)
             Began as a Demonspawn Gladiator on Dec 11, 2017.
             Was an Initiate of Okawaru.
             Slain by a bullfrog (6 damage)
             ... in a sewer.
             The game lasted 00:12:42 (3678 turns).

slep the Chopper (Demonspawn Gladiator)             Turns: 3678, Time: 00:12:44

Health: -4/39      AC:  4    Str: 14    XL:     5   Next: 75%
Magic:  5/5        EV: 13    Int: 10    God:    Okawaru [......]
Gold:   174        SH:  0    Dex: 15    Spells: 4/4 levels left

rFire    . . .     SeeInvis .   a - +0 war axe
rCold    . . .     Gourm    .   (no shield)
rNeg     . . .     Faith    .   b - +0 leather armour
rPois    .         Spirit   .   u - +0 hat
rElec    .         Reflect  .   (no cloak)
rCorr    +         Harm     .   E - +0 pair of gloves
MR       .....                  (no boots)
Stlth    +.........             k - amulet of inaccuracy (curse)
HPRegen  0.13/turn              G - ring of resist corrosion
MPRegen  0.09/turn              (no ring)

@: no status effects
A: horns 1, talons 1
a: Renounce Religion


You were in a sewer.
You worshipped Okawaru.
Okawaru was noncommittal.
You were hungry.

You visited 1 branch of the dungeon, and saw 5 of its levels.
You also visited: Sewer.

You collected 174 gold pieces.

Inventory:

Hand Weapons
 a - a +0 war axe (weapon)
 z - a +2 hunting sling of flaming
Missiles
 d - 3 throwing nets
 q - 5 javelins (quivered)
 F - 8 tomahawks
Armour
 b - a +0 leather armour (worn)
 c - a +0 helmet
 u - a +0 hat (worn)
 E - a +0 pair of gloves (worn)
Jewellery
 k - a cursed amulet of inaccuracy (around neck)
 G - a ring of resist corrosion (left hand)
Wands
 H - a wand of disintegration (17)
Scrolls
 e - 2 scrolls of enchant weapon {unknown}
 h - 2 scrolls of enchant armour {unknown}
 l - 4 scrolls of blinking {unknown}
 o - 7 scrolls of identify {unknown}
 t - 2 scrolls of amnesia {unknown}
 v - 2 scrolls of remove curse {unknown}
 x - a scroll of magic mapping {unknown}
 y - 2 scrolls of noise {unknown}
 A - a scroll of teleportation {unknown}
 B - a scroll of fog {unknown}
 C - 2 scrolls of immolation {unknown}
Potions
 j - a potion of agility
 m - 4 potions of curing
 n - 2 potions of brilliance {unknown}
 p - 2 potions of heal wounds {unknown}
 r - a potion of lignification {unknown}
 w - 2 potions of invisibility {unknown}
 D - a potion of magic {unknown}
Comestibles
 f - 3 bread rations
 g - a fruit
 i - a meat ration
 s - 3 royal jellies
 I - 2 chunks of flesh


   Skills:
 + Level 2.7 Fighting
 + Level 4.6 Axes
 + Level 1.9 Throwing
 + Level 1.8 Armour
 + Level 3.4 Dodging
 + Level 0.4 Stealth


You had 4 spell levels left.
You didn't know any spells.

Dungeon Overview and Level Annotations

Branches:
Dungeon (5/15)
 Temple: D:4-7

Altars:
Okawaru
Xom


Innate Abilities, Weirdness & Mutations

You have a pair of small horns on your head.
You have sharp toenails.


Message History

Aim: a bullfrog (almost dead, chance to defeat MR: 65%)
The bullfrog struggles to resist.
The bullfrog hits you but does no damage.
The bullfrog hits you.
* * * LOW HITPOINT WARNING * * *
Evoke which item? (* to show all) (? for menu, Esc to quit)
Aiming: Disintegrate
Press: ? - help, Shift-Dir - straight line, f/p - bullfrog
Aim: a bullfrog (almost dead, chance to defeat MR: 65%)
The bullfrog struggles to resist.
The bullfrog hits you but does no damage.
You miss the bullfrog. Your kick misses the bullfrog.
Your headbutt misses the bullfrog.
The bullfrog is almost dead.
The bullfrog closely misses you. The bullfrog hits you.
* * * LOW HITPOINT WARNING * * *
You barely miss the bullfrog. Your kick misses the bullfrog.
The bullfrog is severely wounded.
The bullfrog hits you.
You die...

#.# #≈≈≈≈≈.≈≈≈≈≈≈≈≈≈≈.#
#≈# #≈≈≈.≈..≈≈≈≈≈≈≈≈.#
#≈# #≈≈∩.≈≈≈≈≈≈≈≈≈≈≈.#
#≈# #≈≈≈≈.≈≈≈≈≈≈≈≈≈≈.#
#≈# #≈≈≈≈≈≈≈≈≈≈≈≈≈≈.#
#≈# #≈≈≈≈≈≈≈≈≈≈÷≈≈≈.#
#≈# ##≈≈≈≈≈≈≈≈≈.≈≈≈.#
#≈########≈≈≈≈≈≈≈≈.≈≈≈.#
#≈.≈≈.≈≈≈≈≈≈≈≈≈F@.≈≈≈≈.#
#.≈≈≈≈≈≈≈≈≈≈≈≈≈≈≈≈≈≈≈≈.#
#.≈≈≈≈≈≈≈≈≈≈≈≈≈≈≈≈≈≈≈≈.#
#.≈≈≈≈≈≈≈≈≈≈≈≈≈≈≈≈≈≈≈..#
#.....†.≈≈.≈.≈≈≈≈†....##
#######################


You could see a bullfrog.

Vanquished Creatures
  An orc priest (D:4)
  A bullfrog skeleton (D:4)
  A hound skeleton (D:4)
  5 adders
  2 worms (D:2)
  2 dart slugs (D:3)
  9 leopard geckos
  2 orcs (D:4)
  6 giant cockroaches
  7 goblins
  7 hobgoblins
  12 jackals
  7 kobolds
  2 quokkas
  5 ball pythons
  5 bats
  9 frilled lizards
  13 rats
96 creatures vanquished.

Notes
Turn   | Place    | Note
-------+----------+-------------------------------------------
     0 | D:1      | slep the Demonspawn Gladiator began the quest for the Orb.
     0 | D:1      | Reached XP level 1. HP: 16/16 MP: 1/1
    93 | D:1      | Reached skill level 3 in Axes
   127 | D:1      | Gained mutation: You have sharp toenails. [demonic ancestry]
   127 | D:1      | Reached XP level 2. HP: 9/22 MP: 2/2
  1098 | D:2      | Gained mutation: You have a pair of small horns on your head. [demonic ancestry]
  1098 | D:2      | Reached XP level 3. HP: 27/27 MP: 3/3
  1956 | D:3      | Reached skill level 1 in Armour
  2089 | D:3      | Found a shimmering altar of Xom.
  2089 | D:3      | Found a shimmering altar of Xom.
  2089 | D:3      | Found a shimmering altar of Xom.
  2090 | D:3      | Found a shimmering altar of Xom.
  2090 | D:3      | Found a shimmering altar of Xom.
  2239 | D:3      | Reached XP level 4. HP: 33/33 MP: 4/4
  2470 | D:4      | Found an iron altar of Okawaru.
  2478 | D:4      | Became a worshipper of Warmaster Okawaru
  2652 | D:4      | Reached skill level 4 in Axes
  2680 | D:4      | HP: 1/33 [orc priest/falchion (3)]
  2693 | D:4      | Reached XP level 5. HP: 7/39 MP: 5/5
  3280 | D:5      | Entered Level 5 of the Dungeon
  3341 | D:5      | Found a glowing drain.
  3355 | Sewer    | Entered a sewer
  3678 | Sewer    | Slain by a bullfrog

Vault maps used:
D:1:      minmay_arrival_up_and_down, serial_bayou, serial_bayou_pond_e,
          serial_bayou_lake_a, serial_bayou_crossing, serial_bayou_ford_a
D:3:      xom_redecorated
D:4:      okawaru_trees_1
D:5:      serial_shops, shop_fountains, cheibrodos_sewer_entry_sluice,
          first_bread
Sewer:    sewer_frog_island_01

Skill      XL: |  1  2  3  4 |
---------------+-------------+-----
Axes           | 3 4 |  4.6
Armour         | 1 |  1.8
Dodging        | 3 |  3.4
Fighting       | |  2.7
Throwing       | |  1.9
Stealth        | |  0.4

Action                   |  1- 3 |  4- 6 || total
-------------------------+-------+-------++-------
Melee: War axe           |   174 |   147 ||   321
       Kick              |    25 |    25 ||    50
       Headbutt          |     8 |    20 ||    28
Throw: Javelin           |       |     3 ||     3
Evoke: Wand              |       |     3 ||     3
  Use: Potion            |       |     3 ||     3
  Eat: Chunk             |     5 |     4 ||     9
Armor: Leather armour    |    54 |    42 ||    96
Dodge: Dodged            |   129 |   155 ||   284

Table legend:
 A = Spawn XP
 B = Non-spawn XP
 C = Spawn XP percentage of total XP
 D = Spawn monster count
 E = Non-spawn monster count
 F = Spawn count percentage of total count
 G = Total turns spent on level
                    A         B        C        D         E        F      G
               +---------+---------+-------+---------+---------+-------+---------
         Total |       0 |     334 |   0.0 |       0 |      96 |   0.0 |  3678
               +---------+---------+-------+---------+---------+-------+---------
           D:1 |       0 |      37 |   0.0 |       0 |      26 |   0.0 |  1033
           D:2 |       0 |      23 |   0.0 |       0 |       9 |   0.0 |   784
           D:3 |       0 |      43 |   0.0 |       0 |      22 |   0.0 |   609
           D:4 |       0 |     159 |   0.0 |       0 |      18 |   0.0 |   854
           D:5 |       0 |      20 |   0.0 |       0 |       4 |   0.0 |    75
         Sewer |       0 |      52 |   0.0 |       0 |      17 |   0.0 |   323
               +---------+---------+-------+---------+---------+-------+---------
